| TOP OF THE 1ST |
|
Jacksonville Suns batting - Pitching for Biloxi Shuckers : RHP Matysh Ekmalyan
|
|
Pitching: RHP Matysh Ekmalyan
|
|
|
Batting: LHB Luis Magdaleno
|
0-0: Called Strike 0-1: Ball 1-1: Called Strike 1-2: Foul Ball, location: 2F 1-2: Ball 2-2: Strikes out swinging
|
|
Batting: RHB Masumitsu Sugiura
|
0-0: Ground out 6-3 (Groundball, 6, EV 84.4 MPH)
|
|
Batting: LHB Adam Durgin
|
0-0: Foul Ball, location: 2F 0-1: Ball 1-1: Ball 2-1: Ground out 4-3 (Groundball, 4S, EV 81.9 MPH)
|
| Top of the 1st over - 0 runs, 0 hits, 0 errors, 0 left on base; Jacksonville 0 - Biloxi 0 |
| BOTTOM OF THE 1ST |
|
Biloxi Shuckers batting - Pitching for Jacksonville Suns : RHP Zack Evans
|
|
Pitching: RHP Zack Evans
|
|
|
Batting: SHB Mike Williams
|
0-0: Called Strike 0-1: Ball 1-1: Ball 2-1: Ball 3-1: Fly out, F7 (Line Drive, 78S, EV 95.6 MPH)
|
|
Batting: RHB Josh Nelson
|
0-0: Called Strike 0-1: SOLO HOME RUN (Flyball, 9LD, EV 96.9 MPH), Distance : 348 ft
|
|
Batting: RHB Vinny Estrada
|
0-0: Ball 1-0: Fly out, F9 (Line Drive, 9S, EV 99.4 MPH)
|
|
Batting: RHB Skyler Goss
|
0-0: Called Strike 0-1: Foul Ball, location: 2F 0-2: Ball 1-2: Ground out 6-3 (Groundball, 56, EV 86.9 MPH)
|
| Bottom of the 1st over - 1 run, 1 hit, 0 errors, 0 left on base; Jacksonville 0 - Biloxi 1 |
| TOP OF THE 2ND |
|
Jacksonville Suns batting - Pitching for Biloxi Shuckers : RHP Matysh Ekmalyan
|
|
Batting: RHB Isaiah Brockman
|
0-0: Fly out, F6 (Line Drive, 6, EV 70.6 MPH)
|
|
Batting: RHB Rick Fell
|
0-0: Ball 1-0: Ball 2-0: Foul Ball, location: 2F 2-1: Ball 3-1: Base on Balls
|
|
Batting: RHB Willie Chavez
|
0-0: Ball 1-0: Foul Ball, location: 2F 1-1: Called Strike 1-2: Ball 2-2: Strikes out swinging
|
|
Batting: RHB Tom Thompson
|
0-0: Called Strike 0-1: Foul Ball, location: 2F 0-2: Ground out 4-3 (Groundball, 4, EV 99.4 MPH)
|
| Top of the 2nd over - 0 runs, 0 hits, 0 errors, 1 left on base; Jacksonville 0 - Biloxi 1 |
| BOTTOM OF THE 2ND |
|
Biloxi Shuckers batting - Pitching for Jacksonville Suns : RHP Zack Evans
|
|
Batting: RHB Steve Byerly
|
0-0: Fly out, F8 (Flyball, 8LS, EV 80.0 MPH)
|
|
Batting: RHB Brian Landrum
|
0-0: SINGLE (Line Drive, 8RS, EV 90.0 MPH)
|
|
Batting: RHB Jonathan Sarles
|
0-0: Fielders Choice at 2nd, 4-6 (Groundball, 4, EV 87.5 MPH)
|
|
Batting: RHB Matthew Adams
|
0-0: Ball Jonathan Sarles steals 2nd base 1-0: Ball 2-0: Ball 3-0: Called Strike 3-1: Base on Balls
|
|
Batting: RHB Leo Serrano
|
0-0: Foul Ball, location: 2F 0-1: Swinging Strike 0-2: Ball 1-2: Strikes out swinging
|
| Bottom of the 2nd over - 0 runs, 1 hit, 0 errors, 2 left on base; Jacksonville 0 - Biloxi 1 |
| TOP OF THE 3RD |
|
Jacksonville Suns batting - Pitching for Biloxi Shuckers : RHP Matysh Ekmalyan
|
|
Batting: LHB Emilio Cordero
|
0-0: Ball 1-0: Fly out, F8 (Flyball, 8LM, EV 71.9 MPH)
|
|
Batting: RHB Len Graham
|
0-0: Reached on error, E5 (Groundball, 6S, EV 84.4 MPH)
|
|
Batting: LHB Luis Magdaleno
|
0-0: Called Strike Len Graham steals 2nd base 0-1: Ball 1-1: Ball 2-1: Ball 3-1: Swinging Strike 3-2: Foul Ball, location: 2F 3-2: Foul Ball, location: 2F 3-2: Foul Ball, location: 2F 3-2: Foul Ball, location: 2F 3-2: SINGLE (Flyball, 3D, EV 96.2 MPH) Len Graham to third
|
|
Batting: RHB Masumitsu Sugiura
|
0-0: Ball 1-0: Fly out, F9 (Flyball, 9, EV 92.5 MPH) Runner from 3rd tags up, OUT at HOME! 9-2
|
| Top of the 3rd over - 0 runs, 1 hit, 1 error, 1 left on base; Jacksonville 0 - Biloxi 1 |
| BOTTOM OF THE 3RD |
|
Biloxi Shuckers batting - Pitching for Jacksonville Suns : RHP Zack Evans
|
|
Batting: SHB Mike Williams
|
0-0: Ball 1-0: Fly out, F4 (Line Drive, 4M, EV 72.5 MPH)
|
|
Batting: RHB Josh Nelson
|
0-0: Called Strike 0-1: Foul Ball, location: 2F 0-2: Ball 1-2: Ground out 5-3 (Groundball, 56S, EV 84.4 MPH)
|
|
Batting: RHB Vinny Estrada
|
0-0: Ball 1-0: SINGLE (Groundball, 34D, EV 94.4 MPH)
|
|
Batting: RHB Skyler Goss
|
0-0: Called Strike Vinny Estrada is caught stealing 2nd base 2-4
|
| Bottom of the 3rd over - 0 runs, 1 hit, 0 errors, 0 left on base; Jacksonville 0 - Biloxi 1 |
| TOP OF THE 4TH |
|
Jacksonville Suns batting - Pitching for Biloxi Shuckers : RHP Matysh Ekmalyan
|
|
Batting: LHB Adam Durgin
|
0-0: Called Strike 0-1: Swinging Strike 0-2: Ball 1-2: Foul Ball, location: 2F 1-2: Ball 2-2: Strikes out looking
|
|
Batting: RHB Isaiah Brockman
|
0-0: Ball 1-0: Called Strike 1-1: Ground out 5-3 (Groundball, 5, EV 89.4 MPH)
|
|
Batting: RHB Rick Fell
|
0-0: Ball 1-0: Foul Ball, location: 2F 1-1: Ball 2-1: Foul Ball, location: 2F 2-2: Fly out, F4 (Flyball, 4D, EV 89.4 MPH)
|
| Top of the 4th over - 0 runs, 0 hits, 0 errors, 0 left on base; Jacksonville 0 - Biloxi 1 |
| BOTTOM OF THE 4TH |
|
Biloxi Shuckers batting - Pitching for Jacksonville Suns : RHP Zack Evans
|
|
Batting: RHB Skyler Goss
|
0-0: Ball 1-0: Ball 2-0: Fly out, F8 (Line Drive, 8LM, EV 95.6 MPH)
|
|
Batting: RHB Steve Byerly
|
0-0: Ball 1-0: Ball 2-0: DOUBLE (Line Drive, 3D, EV 101.9 MPH) - OUT at third base trying to stretch hit.
|
|
Batting: RHB Brian Landrum
|
0-0: Called Strike 0-1: Ball 1-1: Called Strike 1-2: Ground out 6-3 (Groundball, 6, EV 80.0 MPH)
|
| Bottom of the 4th over - 0 runs, 1 hit, 0 errors, 0 left on base; Jacksonville 0 - Biloxi 1 |
| TOP OF THE 5TH |
|
Jacksonville Suns batting - Pitching for Biloxi Shuckers : RHP Matysh Ekmalyan
|
|
Batting: RHB Willie Chavez
|
0-0: Ground out 4-3 (Groundball, 34, EV 99.4 MPH)
|
|
Batting: RHB Tom Thompson
|
0-0: Called Strike 0-1: Swinging Strike 0-2: Foul Ball, location: 2F 0-2: Foul Ball, location: 2F 0-2: Ball 1-2: Fly out, F7 (Flyball, 78D, EV 96.9 MPH)
|
|
Batting: LHB Emilio Cordero
|
0-0: Ball 1-0: Ball 2-0: Ball 3-0: Base on Balls
|
|
Batting: RHB Len Graham
|
0-0: Ball 1-0: Fly out, F4 (Popup, 4S, EV 77.5 MPH)
|
| Top of the 5th over - 0 runs, 0 hits, 0 errors, 1 left on base; Jacksonville 0 - Biloxi 1 |
| BOTTOM OF THE 5TH |
|
Biloxi Shuckers batting - Pitching for Jacksonville Suns : RHP Zack Evans
|
|
Batting: RHB Jonathan Sarles
|
0-0: Ball 1-0: Fly out, F7 (Flyball, 7D, EV 103.8 MPH)
|
|
Batting: RHB Matthew Adams
|
0-0: Ball 1-0: Called Strike 1-1: Ball 2-1: Fly out, F8 (Flyball, 8RS, EV 89.4 MPH)
|
|
Batting: RHB Leo Serrano
|
0-0: Called Strike 0-1: Swinging Strike 0-2: Ball 1-2: Ground out 5-3 (Groundball, 5L, EV 84.4 MPH)
|
| Bottom of the 5th over - 0 runs, 0 hits, 0 errors, 0 left on base; Jacksonville 0 - Biloxi 1 |
| TOP OF THE 6TH |
|
Jacksonville Suns batting - Pitching for Biloxi Shuckers : RHP Matysh Ekmalyan
|
|
Batting: LHB Luis Magdaleno
|
0-0: Ball 1-0: Ball 2-0: TRIPLE (Line Drive, 89XD, EV 110.0 MPH)
|
|
Batting: RHB Masumitsu Sugiura
|
0-0: Ball 1-0: Foul Ball, location: 2F 1-1: Ball 2-1: DOUBLE (Groundball, 5L, EV 108.1 MPH) Luis Magdaleno scores
|
|
Batting: LHB Adam Durgin
|
0-0: Intentional Walk
|
|
Batting: RHB Isaiah Brockman
|
0-0: Called Strike 0-1: Swinging Strike 0-2: Ball 1-2: Ball 2-2: Ball 3-2: Base on Balls Masumitsu Sugiura to third Adam Durgin to second
|
|
Batting: RHB Rick Fell
|
0-0: Foul Ball, location: 2F 0-1: Called Strike 0-2: Ball 1-2: Foul Ball, location: 2F 1-2: Ball 2-2: Foul Ball, location: 2F 2-2: Grounds into fielders choice 5-2 (Groundball, 5, EV 100.0 MPH) Adam Durgin to third Isaiah Brockman to second
|
|
Batting: RHB Willie Chavez
|
0-0: Called Strike 0-1: Ball 1-1: Called Strike 1-2: Foul Ball, location: 2F 1-2: DOUBLE (Groundball, 5D, EV 105.0 MPH) Adam Durgin scores Isaiah Brockman scores Rick Fell to third Runner from 3rd tries for Home, SAFE, no throw by LF
|
|
Batting: RHB Tom Thompson
|
0-0: Intentional Walk
|
|
Pitching: RHP Johnathan Starr
|
|
|
Batting: LHB Emilio Cordero
|
0-0: Ball 1-0: Ball 2-0: Called Strike 2-1: Swinging Strike 2-2: Foul Ball, location: 2F 2-2: Strikes out swinging
|
|
Batting: RHB Len Graham
|
0-0: Ball 1-0: Ground out 3-1 (Groundball, 34S, EV 77.5 MPH)
|
| Top of the 6th over - 4 runs, 3 hits, 0 errors, 2 left on base; Jacksonville 4 - Biloxi 1 |
| BOTTOM OF THE 6TH |
|
Biloxi Shuckers batting - Pitching for Jacksonville Suns : RHP Zack Evans
|
|
Batting: SHB Mike Williams
|
0-0: Fly out, F7 (Line Drive, 78M, EV 85.6 MPH)
|
|
Batting: RHB Josh Nelson
|
0-0: Foul Ball, location: 2F 0-1: Ball 1-1: Ball 2-1: Swinging Strike 2-2: Foul Ball, location: 2F 2-2: Foul Ball, location: 2F 2-2: Ball 3-2: Strikes out swinging
|
|
Batting: RHB Vinny Estrada
|
0-0: Swinging Strike 0-1: Called Strike 0-2: Ball 1-2: Strikes out swinging
|
| Bottom of the 6th over - 0 runs, 0 hits, 0 errors, 0 left on base; Jacksonville 4 - Biloxi 1 |
| TOP OF THE 7TH |
|
Jacksonville Suns batting - Pitching for Biloxi Shuckers : RHP Johnathan Starr
|
|
Batting: LHB Luis Magdaleno
|
0-0: Ball 1-0: Swinging Strike 1-1: Ball 2-1: Foul Ball, location: 2F 2-2: Ball 3-2: Foul Ball, location: 2F 3-2: Foul Ball, location: 2F 3-2: Fly out, F9 (Line Drive, 89M, EV 92.5 MPH)
|
|
Batting: RHB Masumitsu Sugiura
|
0-0: Ball 1-0: Ball 2-0: SINGLE (Flyball, 8RS, EV 97.5 MPH)
|
|
Batting: LHB Adam Durgin
|
0-0: Ball 1-0: Called Strike 1-1: Called Strike 1-2: Strikes out looking
|
|
Batting: RHB Isaiah Brockman
|
0-0: Called Strike Masumitsu Sugiura is caught stealing 2nd base 2-4
|
| Top of the 7th over - 0 runs, 1 hit, 0 errors, 0 left on base; Jacksonville 4 - Biloxi 1 |
| BOTTOM OF THE 7TH |
|
Biloxi Shuckers batting - Pitching for Jacksonville Suns : RHP Zack Evans
|
|
Now in RF: Jose Cabello
|
|
|
Batting: RHB Skyler Goss
|
0-0: Swinging Strike 0-1: Ground out 4-3 (Groundball, 4, EV 83.8 MPH)
|
|
Batting: RHB Steve Byerly
|
0-0: Called Strike 0-1: Foul Ball, location: 2F 0-2: Ball 1-2: Ball 2-2: Ball 3-2: Foul Ball, location: 2F 3-2: Base on Balls
|
|
Batting: RHB Brian Landrum
|
0-0: Swinging Strike 0-1: Called Strike 0-2: Ball 1-2: Fly out, F8 (Flyball, 89M, EV 89.4 MPH)
|
|
Batting: RHB Jonathan Sarles
|
0-0: Ball 1-0: Called Strike 1-1: Ball 2-1: Foul Ball, location: 2F 2-2: Ball 3-2: Strikes out swinging
|
| Bottom of the 7th over - 0 runs, 0 hits, 0 errors, 1 left on base; Jacksonville 4 - Biloxi 1 |
| TOP OF THE 8TH |
|
Jacksonville Suns batting - Pitching for Biloxi Shuckers : RHP Johnathan Starr
|
|
Pitching: LHP Billy Rojas
|
|
|
Batting: RHB Isaiah Brockman
|
0-0: Ball 1-0: Foul Ball, location: 2F 1-1: Ball 2-1: Ball 3-1: Base on Balls
|
|
Batting: RHB Rick Fell
|
0-0: Ball 1-0: Fly out, F7 (Flyball, 78M, EV 88.1 MPH)
|
|
Batting: RHB Willie Chavez
|
0-0: Foul Ball, location: 2F 0-1: Swinging Strike 0-2: Ball 1-2: SINGLE (Groundball, 6MD, EV 100.0 MPH) Isaiah Brockman to second
|
|
Batting: RHB Tom Thompson
|
0-0: Called Strike 0-1: Foul Ball, location: 2F 0-2: Fielders Choice at 2nd, 4-6 (Groundball, 4MS, EV 85.0 MPH) Isaiah Brockman to third
|
|
Batting: LHB Emilio Cordero
|
0-0: Ball 1-0: Ball Tom Thompson steals 2nd base 2-0: Called Strike 2-1: Ball 3-1: Foul Ball, location: 2F 3-2: Fly out, F8 (Flyball, 8RD, EV 98.1 MPH)
|
| Top of the 8th over - 0 runs, 1 hit, 0 errors, 2 left on base; Jacksonville 4 - Biloxi 1 |
| BOTTOM OF THE 8TH |
|
Biloxi Shuckers batting - Pitching for Jacksonville Suns : RHP Zack Evans
|
|
Pitching: LHP Alex Villarreal
|
|
|
Batting: RHB Matthew Adams
|
0-0: Fly out, F9 (Flyball, 9D, EV 98.8 MPH)
|
|
Batting: RHB Leo Serrano
|
0-0: Called Strike 0-1: Ball 1-1: Ball 2-1: Called Strike 2-2: Strikes out swinging
|
|
Batting: SHB Mike Williams
|
0-0: Ball 1-0: Ball 2-0: Called Strike 2-1: Foul Ball, location: 2F 2-2: Foul Ball, location: 2F 2-2: SINGLE (Line Drive, 9S, EV 103.1 MPH)
|
|
Batting: RHB Josh Nelson
|
0-0: Called Strike 0-1: SINGLE (Line Drive, 56, EV 96.2 MPH) Mike Williams to second Runner from 2nd tries for 3rd, SAFE, throw by LF made to third
|
|
Batting: RHB Vinny Estrada
|
0-0: Ball 1-0: Ball 2-0: Called Strike 2-1: Swinging Strike 2-2: Strikes out swinging
|
| Bottom of the 8th over - 0 runs, 2 hits, 0 errors, 2 left on base; Jacksonville 4 - Biloxi 1 |
| TOP OF THE 9TH |
|
Jacksonville Suns batting - Pitching for Biloxi Shuckers : LHP Billy Rojas
|
|
Pitching: RHP Elijah Seabrooks
|
|
|
Batting: RHB Len Graham
|
0-0: Foul Ball, location: 2F 0-1: Ground out 6-3 (Groundball, 6, EV 85.6 MPH)
|
|
Batting: LHB Luis Magdaleno
|
0-0: Called Strike 0-1: Ball 1-1: Ground out 5-3 (Groundball, 5, EV 80.0 MPH)
|
|
Batting: RHB Masumitsu Sugiura
|
0-0: Ball 1-0: Foul Ball, location: 2F 1-1: Called Strike 1-2: DOUBLE (Flyball, 78XD, EV 95.6 MPH)
|
|
Batting: LHB Jose Cabello
|
0-0: Ball 1-0: SINGLE (Groundball, 34D, EV 96.2 MPH) Masumitsu Sugiura to third Runner from 3rd tries for Home, SAFE, throw by RF to home
|
|
Batting: RHB Isaiah Brockman
|
0-0: Ball 1-0: Ball 2-0: SINGLE (Groundball, 34S, EV 82.5 MPH) (infield hit) Jose Cabello to second
|
|
Batting: RHB Rick Fell
|
0-0: Called Strike 0-1: Called Strike 0-2: Foul Ball, location: 2F 0-2: Ball 1-2: SINGLE (Line Drive, 56D, EV 95.6 MPH) Jose Cabello to third Isaiah Brockman to second Runner from 3rd tries for Home, SAFE, throw by LF to home
|
|
Batting: RHB Willie Chavez
|
0-0: Swinging Strike 0-1: Called Strike 0-2: Ball 1-2: Ground out 4-3 (Groundball, 4, EV 76.9 MPH)
|
| Top of the 9th over - 2 runs, 4 hits, 0 errors, 2 left on base; Jacksonville 6 - Biloxi 1 |
| BOTTOM OF THE 9TH |
|
Biloxi Shuckers batting - Pitching for Jacksonville Suns : LHP Alex Villarreal
|
|
Batting: RHB Skyler Goss
|
0-0: SINGLE (Groundball, 4MD, EV 98.8 MPH)
|
|
Batting: RHB Steve Byerly
|
0-0: Ball 1-0: Ball 2-0: Ball 3-0: Called Strike 3-1: Base on Balls Skyler Goss to second
|
|
Batting: RHB Brian Landrum
|
0-0: Ball 1-0: Ball 2-0: Called Strike 2-1: Grounds into double play, 1-6-3 (Groundball, 13, EV 70.6 MPH) Skyler Goss to third
|
|
Pitching: RHP Pedro Taveras
|
|
|
Batting: RHB Jonathan Sarles
|
0-0: Called Strike 0-1: Ball 1-1: Ball 2-1: Ball 3-1: Ground out 5-3 (Groundball, 56S, EV 86.2 MPH)
|
| Bottom of the 9th over - 0 runs, 1 hit, 0 errors, 1 left on base; Jacksonville 6 - Biloxi 1 |
|